 Dungeon Crawl Stone Soup version 0.19.1 (webtiles) character file.

1535 sveltemanboy the Summoner (level 8, -9/52 HPs)
             Began as a Mummy Summoner on Dec 10, 2016.
             Was an Initiate of Gozag.
             Killed from afar by an orc wizard (12 damage)
             ... with a puff of flame
             ... on level 6 of the Dungeon.
             The game lasted 00:17:06 (5106 turns).

sveltemanboy the Summoner (Mummy Summoner)          Turns: 5106, Time: 00:17:06

Health: -9/52      AC:  8    Str: 11    XL:     8   Next: 55%
Magic:  1/11       EV: 16    Int: 22    God:    Gozag
Gold:   623        SH:  0    Dex: 12    Spells: 5 memorised, 0 levels left

rFire  x . .     SeeInvis .     f - +2 short sword (drain)
rCold  + . .     Gourm    .     i - +0 leather armour
rNeg   + + +     Faith    .     (no shield)
rPois  ∞         Spirit   .     (no helmet)
rElec  .         Reflect  .     a - +1 cloak {+Inv}
rCorr  .         Harm     .     (no gloves)
MR     +....                    p - +2 pair of boots
Stlth  +.........               (no amulet)
                                o - +5 ring of evasion
                                g - +5 ring of intelligence

@: gold aura
A: no food or potions, fire vulnerability, cold resistance 1, negative energy
resistance 3, torment resistance, unbreathing
a: Potion Petition, Call Merchant, Bribe Branch, Renounce Religion, Evoke
Invisibility


You were on level 6 of the Dungeon.
You worshipped Gozag.
Gozag was pleased with you.
You were not hungry.

You visited 2 branches of the dungeon, and saw 7 of its levels.

You collected 711 gold pieces.
You spent 24 gold pieces at shops.
You paid 64 gold pieces to Gozag.

Inventory:

Hand Weapons
 d - a +0 trident
 f - a +2 short sword of draining (weapon)
Armour
 a - a +1 cloak of invisibility (worn)
 i - a +0 leather armour (worn)
 k - a +0 buckler
 p - a +2 pair of boots (worn)
 w - a +2 robe of positive energy
Jewellery
 e - an uncursed ring of protection from fire {unknown}
 g - a +5 ring of intelligence (left hand)
 h - a +3 ring of strength
 o - a +5 ring of evasion (right hand)
 r - an uncursed ring of protection from cold {unknown}
 t - a cursed ring of teleportation {unknown}
Wands
 j - a wand of iceblast (4/15)
 n - a wand of random effects (30/48)
 u - a wand of acid (6/15)
 v - a wand of paralysis (7/24)
Scrolls
 c - a scroll of remove curse
 l - 2 scrolls of teleportation
 m - a scroll of fog
 q - a scroll of recharging {unknown}
 s - 2 scrolls of blinking {unknown}
Books
 b - a book of Callings

   Spells                             Type                      Level
   a - Summon Small Mammal            Summoning                    1
   b - Call Imp                       Summoning                    2
   c - Call Canine Familiar           Summoning                    3
   d - Summon Guardian Golem          Hexes/Summoning              3
   e - Summon Lightning Spire         Summoning/Air                4
   f - Summon Ice Beast               Ice/Summoning                4


   Skills:
 - Level 0.2 Fighting
 - Level 1.5 Dodging
 - Level 1.5 Stealth
 + Level 3.8 Shields
 - Level 2.0 Spellcasting
 * Level 8.2 Summonings
 - Level 2.0 Necromancy
 + Level 1.8 Ice Magic


You couldn't memorise any spells.
You knew the following spells:

 Your Spells              Type           Power        Failure   Level  Hunger
a - Summon Small Mammal   Summ           ####         1%          1    N/A
b - Call Imp              Summ           #####...     1%          2    N/A
c - Call Canine Familiar  Summ           #####...     1%          3    N/A
d - Animate Skeleton      Necr           N/A          10%         1    N/A
e - Summon Ice Beast      Ice/Summ       ###.....     24%         4    N/A

Dungeon Overview and Level Annotations

Branches:
Dungeon (6/15)             Temple (1/1) D:4

Altars:
Ashenzari
Dithmenos
Fedhas
Gozag
Hepliaklqana
Kikubaaqudgha
Makhleb
Qazlal
Ru
Sif Muna
Uskayaw
Vehumet
Xom
Zin

Shops:
D:4 *

Annotations:
D:5 Prince Ribbit


Innate Abilities, Weirdness & Mutations

You do not eat or drink.
Your flesh is vulnerable to fire.
You are immune to poison.
Your flesh is cold resistant. (rC+)
You are immune to negative energy. (rN+++)
You are immune to unholy pain and torment.
You can survive without breathing.


Message History

Your hound dies!
Your hound's corpse disappears in a puff of smoke!
You see here a giant club.
A puff of flame appears from out of thin air!
The puff of flame hits you!
Casting: Call Canine Familiar
Confirm with . or Enter, or press ? or * to list all spells.
A beastly little devil appears in a puff of flame.
You swap places.
What are your orders? t - Shout!
Orders for allies: a - Attack new target. r - Retreat! s - Stop attacking. g - Guard the area. f - Follow me.
Anything else - Cancel.
Guard this area!
Something hits your crimson imp.
A puff of flame appears from out of thin air!
The puff of flame hits you! The fire burns you terribly!
You die...
Your body crumbles into a pile of gold.

#.##.. #.##$#......# #.
###....## ##)$.##.....###.
...p...)###.##..#........(
######.#.#.####.#.......##
. ....# #.##.## .##.....##
......# #.##.# .###...##
.#....# #....# .# ##.##
.##...# #.########.# #.#
.# #..# #...@..<...# #.#
.###..#######.##########
#.# .<............# #.#
.......>..##### ..#
.####.....# ## .# #.#.###
$ .####.#.# ....#.#.#
.##.#.#.## #.#


There were no monsters in sight!

Vanquished Creatures
  Pikel (D:6)
  An ogre (D:6)
  A sky beast (D:5)
  A phantom (D:4)
  A centaur (D:5)
  2 crimson imps (D:5)
  An orc priest (D:4)
  An orc wizard (D:4)
  2 worker ants (D:4)
  A hound zombie (D:5)
  5 adders
  An ooze (D:3)
  A worm (D:2)
  A dart slug (D:5)
  4 leopard geckos
  11 orcs
  4 bats
  3 giant cockroaches
  3 hobgoblins
  7 jackals
  6 kobolds
  3 ball pythons
  2 frilled lizards
  A giant cockroach zombie (D:5)
  14 goblins
  A quokka skeleton (D:5)
  2 rats (D:1)
81 creatures vanquished.

Vanquished Creatures (collateral kills)
  Sigmund (D:2)
  An orc warrior (D:6)
  A sky beast (D:4)
  2 ogres
  2 phantoms
  A centaur (D:5)
  A water moccasin skeleton (D:5)
  An orc priest (D:4)
  A centaur skeleton (D:6)
  3 orc wizards
  A worker ant (D:5)
  An ooze (D:4)
  A worm (D:6)
  3 orcs
  A bat (D:1)
  A giant cockroach (D:1)
  2 jackals (D:4)
  A kobold (D:1)
25 creatures vanquished.

Vanquished Creatures (others)
  3 slaves (D:6)
  An orc (D:6)
4 creatures vanquished.

Grand Total: 110 creatures vanquished

Notes
Turn   | Place    | Note
-------+----------+-------------------------------------------
     0 | D:1      | sveltemanboy the Mummy Summoner began the quest for the Orb.
     0 | D:1      | Reached XP level 1. HP: 13/13 MP: 3/3
   483 | D:1      | Reached XP level 2. HP: 19/19 MP: 5/5
   494 | D:1      | Learned a level 2 spell: Call Imp
   748 | D:2      | Noticed Sigmund
   890 | D:2      | Reached skill level 4 in Summonings
   988 | D:2      | Reached XP level 3. HP: 21/24 MP: 1/6
  1039 | D:2      | Learned a level 3 spell: Call Canine Familiar
  1325 | D:2      | Killed Sigmund
  1325 | D:2      | Reached skill level 5 in Summonings
  1325 | D:2      | Reached XP level 4. HP: 10/30 MP: 3/7
  1325 | D:2      | Reached XP level 5. HP: 11/35 MP: 3/8
  1854 | D:3      | Found a faded altar of an unknown god.
  2225 | D:3      | Learned a level 1 spell: Animate Skeleton
  2630 | D:4      | Found Ozutedey's Assorted Antiques.
  2639 | D:4      | Found a burning altar of Makhleb.
  2640 | D:4      | Bought a scroll labeled KAVIRE PEKHLOPO for 24 gold pieces
  2663 | D:4      | Found a staircase to the Ecumenical Temple.
  2685 | Temple   | Entered the Ecumenical Temple
  2753 | Temple   | Became a worshipper of Gozag Ym Sagoz the Greedy
  2787 | D:4      | Noticed a sky beast
  2799 | D:4      | Killed a sky beast
  2799 | D:4      | Reached skill level 1 in Shields
  2799 | D:4      | Reached XP level 6. HP: 34/41 MP: 2/9
  2806 | D:4      | Reached skill level 1 in Necromancy
  2825 | D:4      | Reached skill level 6 in Summonings
  3052 | D:4      | Reached XP level 7. HP: 41/46 MP: 5/10
  3424 | D:5      | Entered Level 5 of the Dungeon
  3806 | D:5      | Reached skill level 7 in Summonings
  4243 | D:5      | Noticed Prince Ribbit
  4622 | D:5      | Reached XP level 8. HP: 29/52 MP: 3/11
  4717 | D:6      | Learned a level 4 spell: Summon Ice Beast
  4957 | D:6      | Noticed Pikel
  4976 | D:6      | Killed Pikel
  4976 | D:6      | Reached skill level 8 in Summonings
  4976 | D:6      | Reached skill level 1 in Ice Magic
  5092 | D:6      | HP: 2/52 [something/puff of flame (19)]
  5106 | D:6      | Killed from afar by an orc wizard

Skill      XL: |  1  2  3  4  5  6  7  8 |
---------------+-------------------------+-----
Summonings     | 4 5 6 7 8 |  8.2
Shields        | 1 3 |  3.8
Necromancy     | 2 |  2.0
Ice Magic      | 1 |  1.8
Fighting       | |  0.2
Dodging        | |  1.5
Stealth        | |  1.5
Spellcasting   | |  2.0

Action                   |  1- 3 |  4- 6 |  7- 9 || total
-------------------------+-------+-------+-------++-------
Melee: Unarmed           |    30 |       |       ||    30
       Short sword       |    40 |   151 |   140 ||   331
 Cast: Summon Small Mamm |    25 |     3 |       ||    28
       Call Imp          |       |     6 |    16 ||    22
       Call Canine Famil |       |     2 |    12 ||    14
  Use: Scroll            |       |     7 |       ||     7
 Stab: Sleeping          |     2 |     1 |     2 ||     5
       Distracted        |     1 |     1 |     2 ||     4
Armor: Robe              |     7 |       |       ||     7
       Leather armour    |    16 |    43 |    57 ||   116
Dodge: Dodged            |    55 |   119 |    97 ||   271
